Map: Darkness Sanctuary LE

Players

AJAllen - Winner!

  • Race: Terran Terran
  • League: Gold
  • Spawn Location: 11:00

Test

  • Race: Terran Terran
  • League: Silver
  • Spawn Location: 1:00

VOD

Have the link to the VOD?

Description

Time

  • Played on: May 16, 2018, 3:35 p.m.
  • Length: 11:57
Show
View Real Time Build Order
Export as new Build Order

AJAllen Terran - Winner!

Build Orders: MMM Bio 

Get SALT Encoding   

  12  0:01  SCV  
  13  0:13  SCV  
  14  0:18  Supply Depot  
  14  0:25  SCV  
  15  0:40  SCV  
  15  0:41  Barracks  
  16  0:45  Refinery  
  16  0:52  SCV  
  17  1:04  SCV  
  18  1:16  SCV  
  19  1:28  SCV, Reaper  
  21  1:36  Command Center  
  21  1:40  SCV  
  21  1:44  Refinery  
  22  1:53  Orbital Command  
  22  2:03  Barracks Reactor  
  22  2:10  Supply Depot  
  22  2:32  Factory  
  22  2:50  SCV  
  23  2:56  SCV  
  24  2:59  Marine x2  
  24  3:02  SCV  
  27  3:08  SCV  
  28  3:28  Marine x2  
  28  3:31  Barracks, Factory Tech Lab  
  28  3:34  Barracks  
  30  3:36  SCV  
  30  3:37  Starport  
  30  3:38  SCV  
  32  3:46  Bunker  
  32  3:47  Marine x2  
  32  3:48  SCV  
  35  3:50  SCV  
  36  4:00  SCV  
  37  4:03  SCV  
  37  4:05  Marine x2  
  37  4:06  Siege Tank  
  43  4:15  Supply Depot  
  43  4:19  Starport Reactor  
  43  4:20  Barracks Tech Lab  
  43  4:22  SCV  
  44  4:26  Marine x2  
  46  4:37  SCV  
  47  4:43  Siege Tank  
  50  4:46  Supply Depot  
  50  4:50  Stimpack  
  50  4:51  Barracks Reactor  
  50  4:57  Marauder  
  50  4:58  Marine x2  
  50  4:59  Barracks  
  54  5:08  SCV  
  54  5:09  SCV  
  54  5:11  Supply Depot  
  56  5:16  Marine  
  56  5:18  Medivac  
  56  5:19  Marauder  
  62  5:28  SCV, Orbital Command  
  62  5:32  Marine x2  
  62  5:33  Supply Depot  
  62  5:34  Marine x2  
  66  5:40  Engineering Bay, Marauder  
  68  5:47  SCV  
  69  6:04  Medivac x2  
  69  6:05  Marine  
  69  6:06  Marine x3  
  69  6:08  Barracks Reactor  
  69  6:10  Barracks  
  77  6:12  Terran Infantry Weapons Level 1  
  77  6:15  Engineering Bay  
  77  6:17  SCV  
  78  6:20  Refinery  
  78  6:21  Refinery  
  78  6:29  Supply Depot  
  78  6:48  Terran Infantry Armor Level 1  
  78  6:50  Marine x4, SCV x2, Marauder  
  78  6:51  Armory, Combat Shields  
  86  7:10  SCV  
  86  7:20  Supply Depot x2  
  86  7:22  Supply Depot  
  86  7:37  Command Center  
  86  7:38  Supply Depot  
  86  7:42  SCV x2, Marauder  
  90  7:45  Supply Depot  
  90  7:47  Supply Depot  
  90  7:49  Supply Depot  
  90  7:54  SCV x2  
  92  8:09  Supply Depot  
  92  8:12  Terran Infantry Weapons Level 2  
  84  9:07  Terran Infantry Armor Level 2  
  84  9:09  Marine x2  
  86  9:10  Marine x2  
  86  9:11  Marine x2, Medivac x2  
  86  9:14  Barracks Reactor  
  86  9:16  Barracks  
  82  9:26  Marine  
  82  9:27  Marine x3  
  82  9:29  Marine x2  
  88  9:34  Marauder  
  90  9:44  Marine x2  
  90  9:45  Marine x2  
  92  9:47  Marine x2  
  92  9:50  SCV  
  92  9:51  SCV  
  98  9:55  Marauder  
  100  10:02  SCV  
  100  10:03  SCV, Barracks  
  100  10:05  Marine  
  100  11:00  Marine  
  100  11:01  Marine  
  100  11:02  Marine x2  
  100  11:04  Marine x2  
  105  11:05  Marine x2  
  105  11:06  Barracks Tech Lab  
  105  11:08  Barracks Tech Lab, Barracks  
  108  11:13  Medivac  
  108  11:14  Medivac  
  112  11:18  Marine x2  
  112  11:20  Marine x2  
  112  11:21  Marine, Marauder  
  112  11:22  Marine x3  
  122  11:36  Marine x2  
  122  11:37  Marine  
  122  11:38  Marine  
  122  11:39  Marine  
Show
View Real Time Build Order
Export as new Build Order

Test Terran 

Build Orders: MMM Bio 

Get SALT Encoding   

  12  0:00  SCV  
  13  0:13  SCV  
  14  0:18  Supply Depot  
  14  0:25  SCV  
  15  0:32  Refinery  
  15  0:40  SCV  
  16  0:46  Barracks  
  16  0:52  SCV  
  17  1:04  Barracks  
  17  1:18  Barracks  
  17  1:25  SCV  
  18  1:33  Marine  
  18  1:39  Supply Depot  
  19  1:46  SCV  
  20  1:50  Marine  
  20  1:53  Marine  
  22  2:02  Barracks  
  22  2:07  Barracks Reactor  
  22  2:08  Marine  
  22  2:11  SCV  
  24  2:20  Barracks Reactor  
  24  2:26  Marine  
  25  2:44  Orbital Command  
  25  2:45  Barracks Reactor  
  25  2:46  Barracks Tech Lab  
  25  2:51  Engineering Bay  
  25  3:00  Marine x3  
  25  3:01  Marine  
  25  3:02  Barracks Reactor  
  29  3:39  Terran Infantry Weapons Level 1, Command Center, Missile Turret  
  29  3:42  Marine  
  30  3:54  SCV  
  31  4:01  Barracks  
  31  4:08  Supply Depot  
  31  4:29  Marine  
  31  4:30  Marine x6  
  38  4:43  Stimpack  
  38  4:47  Marine  
  38  4:49  Supply Depot  
  38  4:50  Marine x3  
  42  4:59  SCV  
  43  5:07  Orbital Command  
  43  5:11  SCV, Barracks Reactor  
  43  5:13  Marine  
  45  5:17  Marine  
  46  5:23  SCV  
  47  5:35  Marine x2  
  49  5:37  SCV  
  50  5:43  Missile Turret  
  50  5:46  Marine x3  
  50  5:47  Marine  
  55  5:50  SCV  
  55  5:53  Supply Depot  
  55  5:56  SCV  
  56  6:00  Marine x2  
  56  6:02  SCV  
  59  6:08  SCV  
  60  6:14  SCV  
  61  6:20  SCV  
  62  6:26  SCV  
  62  6:31  Command Center  
  62  6:32  SCV  
  64  6:35  Terran Infantry Armor Level 1  
  64  6:36  Marine x4  
  64  6:37  Marine  
  64  6:38  SCV  
  70  6:53  Combat Shields  
  70  7:02  Supply Depot  
  70  7:03  Supply Depot  
  70  7:23  Marine x7, SCV  
  70  7:24  Marine  
  70  7:25  SCV  
  80  7:36  SCV, Marine  
  82  7:38  SCV  
  82  7:39  Barracks  
  82  7:41  Marine x3, Supply Depot  
  82  7:42  Marine  
  87  7:44  Orbital Command  
  87  7:48  SCV  
  87  7:49  Marine x2  
  87  7:50  SCV, Marine, Missile Turret  
  92  7:52  Marine  
  92  7:53  Marine  
  94  7:59  Marine x3  
  94  8:00  Marine  
  94  8:02  SCV  
  79  8:27  Barracks  
  79  8:31  Marine  
  79  8:32  Marine x8  
  80  8:43  Barracks Reactor  
  71  8:49  Marine x3  
  71  8:50  Marine x6  
  40  9:07  Marine x4  
  40  9:08  Marine x5  
  45  9:17  Marine  
  45  9:21  SCV  
  47  9:25  Marine x6  
  47  9:26  Missile Turret  
  47  9:27  SCV  
  54  9:35  Marine x3  
  54  9:36  Marine  
  58  9:43  Marine x2  
  61  9:50  Missile Turret  
  61  9:54  Marine  
  61  9:55  Marine  
  61  9:56  Barracks Reactor  
  62  10:02  Supply Depot  
  62  10:23  Marine x2, SCV  
  53  10:33  Marine x5  
  53  10:34  Marine  
  53  10:35  SCV, Command Center  
  38  10:36  Marine  
  40  10:46  Marine x3  
  35  10:51  Marine  
  29  10:57  Marine  
  29  11:00  Marine  
  31  11:04  Marine  
  31  11:08  Marine  
  33  11:15  Marine  
  34  11:20  Marine  
  35  11:25  Marine  
  35  11:29  Marine  
  37  11:34  Marine  
  38  11:41  SCV  
Tags
 
Add a new tag
Caveats
  • Supply blocks, unpowered buildings, or Contaminate may cause inaccurate times.
  • Supply counts are checked every 10 seconds.